TOP OF THE 1ST |
California Angels batting - Pitching for Detroit Tigers : RHP Dennis Martinez
|
Pitching: RHP Dennis Martinez
|
|
Batting: RHB Frank White
|
0-0: Called Strike 0-1: Swinging Strike 0-2: Strikes out swinging
|
Batting: RHB Jeff Atherton
|
0-0: Ball 1-0: Called Strike 1-1: Ground out 4-3 (Groundball, 4S, EV 91.3 MPH)
|
Batting: LHB Jason D Thompson
|
0-0: Ball 1-0: Ball 2-0: Ball 3-0: Called Strike 3-1: Foul Ball, location: 2F 3-2: Strikes out swinging
|
Top of the 1st over - 0 runs, 0 hits, 0 errors, 0 left on base; California 0 - Detroit 0 |
BOTTOM OF THE 1ST |
Detroit Tigers batting - Pitching for California Angels : RHP Rafael Jimenez
|
Pitching: RHP Rafael Jimenez
|
|
Batting: SHB Lee Mazzilli
|
0-0: Foul Ball, location: 2F 0-1: Ball 1-1: Hit by Pitch
|
Batting: RHB Rusty Tillman
|
0-0: Ball 1-0: SINGLE (Line Drive, 6MD, EV 96.9 MPH) Lee Mazzilli to second Runner from 2nd tries for 3rd, SAFE, throw by CF made to third
|
Batting: SHB Tony Phillips
|
0-0: Called Strike 0-1: Swinging Strike 0-2: Strikes out looking
|
Batting: RHB Dave Kingman
|
0-0: Swinging Strike 0-1: Ball Rusty Tillman is caught stealing 2nd base 2-4 1-1: Swinging Strike 1-2: Foul Ball, location: 2F 1-2: Ball 2-2: Ball 3-2: Strikes out looking
|
Bottom of the 1st over - 0 runs, 1 hit, 0 errors, 1 left on base; California 0 - Detroit 0 |
TOP OF THE 2ND |
California Angels batting - Pitching for Detroit Tigers : RHP Dennis Martinez
|
Batting: LHB Brian Rosinski
|
0-0: Called Strike 0-1: Foul Ball, location: 2F 0-2: Foul Ball, location: 2F 0-2: Ball 1-2: Ball 2-2: Foul Ball, location: 2F 2-2: Ground out 6-3 (Groundball, 6M, EV 100.0 MPH)
|
Batting: RHB Carlos Pimentel
|
0-0: Ball 1-0: Foul Ball, location: 2F 1-1: Ball 2-1: Ball 3-1: Foul Ball, location: 2F 3-2: Strikes out looking
|
Batting: RHB Duke Hinds
|
0-0: Ball 1-0: Ball 2-0: Ground out 5-3 (Groundball, 56, EV 93.1 MPH)
|
Top of the 2nd over - 0 runs, 0 hits, 0 errors, 0 left on base; California 0 - Detroit 0 |
BOTTOM OF THE 2ND |
Detroit Tigers batting - Pitching for California Angels : RHP Rafael Jimenez
|
Batting: RHB Andre Thornton
|
0-0: Ball 1-0: Foul Ball, location: 2F 1-1: Called Strike 1-2: Foul Ball, location: 2F 1-2: Ball 2-2: Ground out 6-3 (Groundball, 6, EV 86.3 MPH)
|
Batting: RHB Rusty Kuntz
|
0-0: Ball 1-0: Swinging Strike 1-1: Ground out 4-3 (Groundball, 4S, EV 81.9 MPH)
|
Batting: LHB Dan Graham
|
0-0: Fly out, F9 (Flyball, 89XD, EV 100.0 MPH)
|
Bottom of the 2nd over - 0 runs, 0 hits, 0 errors, 0 left on base; California 0 - Detroit 0 |
TOP OF THE 3RD |
California Angels batting - Pitching for Detroit Tigers : RHP Dennis Martinez
|
Batting: SHB Ignacio Medina
|
0-0: Ball 1-0: Fly out, F7 (Line Drive, 7D, EV 89.4 MPH)
|
Batting: RHB Mike Bishop
|
0-0: Swinging Strike 0-1: Ball 1-1: Foul Ball, location: 2F 1-2: Strikes out looking
|
Batting: RHB Rafael Ramirez
|
0-0: Ball 1-0: Swinging Strike 1-1: Fly out, F9 (Line Drive, 9D, EV 101.3 MPH)
|
Top of the 3rd over - 0 runs, 0 hits, 0 errors, 0 left on base; California 0 - Detroit 0 |
BOTTOM OF THE 3RD |
Detroit Tigers batting - Pitching for California Angels : RHP Rafael Jimenez
|
Batting: RHB Larry Parrish
|
0-0: Ball 1-0: Called Strike 1-1: Swinging Strike 1-2: Foul Ball, location: 2F 1-2: Ball 2-2: Strikes out swinging
|
Batting: RHB Mike Sproles
|
0-0: Ball 1-0: Called Strike 1-1: Fly out, F9 (Line Drive, 9, EV 105.0 MPH)
|
Batting: SHB Lee Mazzilli
|
0-0: Ball 1-0: Foul Ball, location: 2F 1-1: Swinging Strike 1-2: Ground out U3 (Groundball, 34, EV 101.9 MPH)
|
Bottom of the 3rd over - 0 runs, 0 hits, 0 errors, 0 left on base; California 0 - Detroit 0 |
TOP OF THE 4TH |
California Angels batting - Pitching for Detroit Tigers : RHP Dennis Martinez
|
Batting: RHB Frank White
|
0-0: Ball 1-0: Ball 2-0: Ball 3-0: Called Strike 3-1: Called Strike 3-2: SINGLE (Groundball, 56, EV 108.1 MPH) (infield hit)
|
Batting: RHB Jeff Atherton
|
0-0: Called Strike 0-1: Called Strike 0-2: Ball 1-2: Ball 2-2: Ball 3-2: Strikes out swinging
|
Batting: LHB Jason D Thompson
|
0-0: Ball 1-0: Called Strike 1-1: Called Strike 1-2: Fielders Choice at 2nd, 6-4 (Groundball, 56, EV 80.6 MPH)
|
Batting: LHB Brian Rosinski
|
0-0: Called Strike 0-1: SINGLE (Line Drive, 8LS, EV 106.3 MPH) Jason D Thompson to second Runner from 2nd tries for 3rd, SAFE, no throw by CF
|
Batting: RHB Carlos Pimentel
|
0-0: Called Strike 0-1: Ball 1-1: Ground out 5-3 (Groundball, 5S, EV 83.1 MPH)
|
Top of the 4th over - 0 runs, 2 hits, 0 errors, 2 left on base; California 0 - Detroit 0 |
BOTTOM OF THE 4TH |
Detroit Tigers batting - Pitching for California Angels : RHP Rafael Jimenez
|
Batting: RHB Rusty Tillman
|
0-0: Ball 1-0: Foul Ball, location: 2F 1-1: Fly out, F8 (Flyball, 8RXD, EV 94.4 MPH)
|
Batting: SHB Tony Phillips
|
0-0: Called Strike 0-1: Ball 1-1: Ball 2-1: Ball 3-1: Foul Ball, location: 2F 3-2: Foul Ball, location: 2F 3-2: Base on Balls
|
Batting: RHB Dave Kingman
|
0-0: Ball 1-0: Ball Tony Phillips steals 2nd, throwing error, E2 Tony Phillips to third 2-0: Called Strike 2-1: Swinging Strike 2-2: Foul Ball, location: 2F 2-2: Strikes out swinging
|
Batting: RHB Andre Thornton
|
0-0: Called Strike 0-1: Ground out 6-3 (Groundball, P, EV 88.8 MPH)
|
Bottom of the 4th over - 0 runs, 0 hits, 1 error, 1 left on base; California 0 - Detroit 0 |
TOP OF THE 5TH |
California Angels batting - Pitching for Detroit Tigers : RHP Dennis Martinez
|
Batting: RHB Duke Hinds
|
0-0: Ball 1-0: Ball 2-0: Called Strike 2-1: Foul Ball, location: 2F 2-2: Foul Ball, location: 2F 2-2: Ball 3-2: Strikes out swinging
|
Batting: SHB Ignacio Medina
|
0-0: Called Strike 0-1: Foul Ball, location: 2F 0-2: Ball 1-2: Fly out, F9 (Line Drive, 89M, EV 104.4 MPH)
|
Batting: RHB Mike Bishop
|
0-0: Foul Ball, location: 2F 0-1: Ball 1-1: Ball 2-1: Swinging Strike 2-2: Foul Ball, location: 2F 2-2: Foul Ball, location: 2F 2-2: Fly out, F3 (Popup, 3SF, EV 81.9 MPH)
|
Top of the 5th over - 0 runs, 0 hits, 0 errors, 0 left on base; California 0 - Detroit 0 |
BOTTOM OF THE 5TH |
Detroit Tigers batting - Pitching for California Angels : RHP Rafael Jimenez
|
Batting: RHB Rusty Kuntz
|
0-0: Called Strike 0-1: Ball 1-1: Ball 2-1: Called Strike 2-2: Strikes out swinging
|
Batting: LHB Dan Graham
|
0-0: Called Strike 0-1: Foul Ball, location: 2F 0-2: Foul Ball, location: 2F 0-2: Strikes out looking
|
Batting: RHB Larry Parrish
|
0-0: Ball 1-0: Called Strike 1-1: Called Strike 1-2: Ball 2-2: Strikes out swinging
|
Bottom of the 5th over - 0 runs, 0 hits, 0 errors, 0 left on base; California 0 - Detroit 0 |
TOP OF THE 6TH |
California Angels batting - Pitching for Detroit Tigers : RHP Dennis Martinez
|
Batting: RHB Rafael Ramirez
|
0-0: Ball 1-0: Ground out 3-1 (Groundball, 34, EV 80.0 MPH)
|
Batting: RHB Frank White
|
0-0: Called Strike 0-1: Swinging Strike 0-2: Ball 1-2: Ball 2-2: Foul Ball, location: 2F 2-2: Ball 3-2: Foul Ball, location: 2F 3-2: Strikes out swinging
|
Batting: RHB Jeff Atherton
|
0-0: Fly out, F7 (Flyball, 7LS, EV 93.8 MPH)
|
Top of the 6th over - 0 runs, 0 hits, 0 errors, 0 left on base; California 0 - Detroit 0 |
BOTTOM OF THE 6TH |
Detroit Tigers batting - Pitching for California Angels : RHP Rafael Jimenez
|
Batting: RHB Mike Sproles
|
0-0: Fly out, F8 (Line Drive, 8RD, EV 91.3 MPH)
|
Batting: SHB Lee Mazzilli
|
0-0: Ball 1-0: Ball 2-0: SOLO HOME RUN (Flyball, 9D, EV 107.5 MPH), Distance : 402 ft
|
Batting: RHB Rusty Tillman
|
0-0: Fly out, F4 (Popup, 4MD, EV 73.8 MPH)
|
Batting: SHB Tony Phillips
|
0-0: Ball 1-0: Called Strike 1-1: Fly out, F4 (Flyball, 34D, EV 72.5 MPH)
|
Bottom of the 6th over - 1 run, 1 hit, 0 errors, 0 left on base; California 0 - Detroit 1 |
TOP OF THE 7TH |
California Angels batting - Pitching for Detroit Tigers : RHP Dennis Martinez
|
Batting: LHB Jason D Thompson
|
0-0: Swinging Strike 0-1: Foul Ball, location: 2F 0-2: Ball 1-2: Fly out, F8 (Flyball, 8RS, EV 90.0 MPH)
|
Batting: LHB Brian Rosinski
|
0-0: Called Strike 0-1: Called Strike 0-2: Ball 1-2: Ball 2-2: Ball 3-2: Foul Ball, location: 2F 3-2: SINGLE (Line Drive, 9LM, EV 90.6 MPH)
|
Pinch Hitting: LHB Ralph Garr
|
0-0: Called Strike 0-1: Ball 1-1: Ball 2-1: Called Strike 2-2: Ball 3-2: SINGLE (Line Drive, 56D, EV 104.4 MPH) Brian Rosinski to second
|
Batting: RHB Duke Hinds
|
0-0: Ball 1-0: Called Strike 1-1: Swinging Strike 1-2: Ball 2-2: Ball 3-2: Base on Balls Brian Rosinski to third Ralph Garr to second
|
Batting: SHB Ignacio Medina
|
0-0: Foul Ball, location: 2F 0-1: Fly out, F9 (Flyball, 9, EV 72.5 MPH) Runner from 3rd tags up, SCORES, throw by RF Ralph Garr to third
|
Batting: RHB Mike Bishop
|
0-0: Ball 1-0: Fly out, F4 (Popup, 23, EV 93.1 MPH)
|
Top of the 7th over - 1 run, 2 hits, 0 errors, 2 left on base; California 1 - Detroit 1 |
BOTTOM OF THE 7TH |
Detroit Tigers batting - Pitching for California Angels : RHP Rafael Jimenez
|
Now in RF: John Milner
|
|
Batting: RHB Dave Kingman
|
0-0: Called Strike 0-1: Ball 1-1: Called Strike 1-2: Strikes out looking
|
Batting: RHB Andre Thornton
|
0-0: Called Strike 0-1: Ball 1-1: Ball 2-1: Ball 3-1: Swinging Strike 3-2: Strikes out swinging
|
Batting: RHB Rusty Kuntz
|
0-0: Swinging Strike 0-1: Foul Ball, location: 2F 0-2: Ball 1-2: Foul Ball, location: 2F 1-2: Strikes out looking
|
Bottom of the 7th over - 0 runs, 0 hits, 0 errors, 0 left on base; California 1 - Detroit 1 |
TOP OF THE 8TH |
California Angels batting - Pitching for Detroit Tigers : RHP Dennis Martinez
|
Batting: RHB Rafael Ramirez
|
0-0: Ball 1-0: Called Strike 1-1: Ball 2-1: Fly out, F9 (Line Drive, 9D, EV 97.5 MPH)
|
Batting: RHB Frank White
|
0-0: Called Strike 0-1: Fly out, F9 (Flyball, 89XD, EV 91.3 MPH)
|
Batting: RHB Jeff Atherton
|
0-0: Ground out 5-3 (Groundball, 56, EV 90.6 MPH)
|
Top of the 8th over - 0 runs, 0 hits, 0 errors, 0 left on base; California 1 - Detroit 1 |
BOTTOM OF THE 8TH |
Detroit Tigers batting - Pitching for California Angels : RHP Rafael Jimenez
|
Batting: LHB Dan Graham
|
0-0: Called Strike 0-1: Swinging Strike 0-2: Ground out 1-3 (Groundball, P, EV 70.0 MPH)
|
Batting: RHB Larry Parrish
|
0-0: Fly out, F7 (Flyball, 7, EV 82.5 MPH)
|
Pitching: RHP Jerry Reed
|
|
Batting: RHB Mike Sproles
|
0-0: Ball 1-0: Foul Ball, location: 2F 1-1: Ball 2-1: Ball 3-1: Base on Balls
|
Batting: SHB Lee Mazzilli
|
0-0: Called Strike 0-1: SINGLE (Line Drive, 89S, EV 109.4 MPH) Mike Sproles to second Runner from 2nd tries for 3rd, SAFE, no throw by CF
|
Batting: RHB Rusty Tillman
|
0-0: Ball Lee Mazzilli steals 2nd base 1-0: Ball 2-0: SINGLE (Line Drive, 5D, EV 105.0 MPH) Mike Sproles scores Lee Mazzilli to third Runner from 3rd tries for Home, SAFE, throw by LF to home
|
Batting: SHB Tony Phillips
|
0-0: Ball 1-0: Ball 2-0: Ball 3-0: Ground out 4-3 (Groundball, 4, EV 103.8 MPH)
|
Bottom of the 8th over - 2 runs, 2 hits, 0 errors, 1 left on base; California 1 - Detroit 3 |
TOP OF THE 9TH |
California Angels batting - Pitching for Detroit Tigers : RHP Dennis Martinez
|
Now at 1B: Tack Wilson
|
|
Now in RF: Larry Harlow
|
|
Batting: LHB Jason D Thompson
|
0-0: Ball 1-0: Foul Ball, location: 2F 1-1: Ground out 3-1 (Groundball, 34, EV 98.1 MPH)
|
Batting: LHB Brian Rosinski
|
0-0: Swinging Strike 0-1: Ball 1-1: Ball 2-1: SINGLE (Groundball, 34D, EV 105.0 MPH)
|
Batting: LHB John Milner
|
Pickoff Throw to First - Out! 1-3 0-0: Swinging Strike 0-1: Ground out 4-3 (Groundball, 4, EV 103.8 MPH)
|
Top of the 9th over - 0 runs, 1 hit, 0 errors, 0 left on base; California 1 - Detroit 3 |
|